 Dungeon Crawl Stone Soup version 0.23.2-40-g277498a001 (webtiles) character file.

Game seed: 6233425275394583820

15949 Amplified the Thaumaturge (level 12, -16/94 HPs)
             Began as a Gnoll Skald on Oct 4, 2019.
             Was an Elder of Makhleb.
             Killed from afar by a frost giant (26 damage)
             ... with a bolt of cold
             ... in an ice cave.
             The game lasted 00:23:19 (13966 turns).

Amplified the Thaumaturge (Gnoll Skald)            Turns: 13966, Time: 00:23:19

Health: -16/94     AC: 21    Str: 19    XL:     12   Next: 32%
Magic:  33/33      EV: 21    Int: 20    God:    Makhleb [****..]
Gold:   833        SH:  6    Dex: 15    Spells: 11/28 levels left

rFire    + . .     SeeInvis .   v - +6 hand axe of the Thirsty Blessings {flame, +Inv MP+9}
rCold    + . .     Gourm    .   w - +0 buckler
rNeg     . . .     Faith    .   s - +5 scale mail "Wot Wemu" {Str+5}
rPois    +         Spirit   .   (no helmet)
rElec    +         Reflect  .   k - +0 cloak (curse)
rCorr    +         Harm     .   i - +1 pair of gloves
MR       +....                  t - +1 pair of boots
Stlth    +++.......             j - amulet of rage
HPRegen  0.25/turn              p - ring of protection from magic
MPRegen  0.23/turn              u - +3 ring of evasion

@: resistant, berserk cooldown, very slightly contaminated, invisible
A: distributed training, fangs 2, repulsion field 1, icy blue scales 1, sturdy
frame 1, strong nose
a: Minor Destruction, Lesser Servant of Makhleb, Major Destruction, Renounce
Religion, Evoke Berserk Rage


You were in an ice cave.
You worshipped Makhleb.
Makhleb was greatly pleased with you.
You were not hungry.

You visited 3 branches of the dungeon, and saw 13 of its levels.
You also visited: Bailey and Ice Cave.

You collected 1171 gold pieces.
You spent 338 gold pieces at shops.

Inventory:

Hand Weapons
 c - a +2 broad axe of chopping
 f - a +0 trident
 n - the +8 hand axe of Conformity {chop, *Rage rElec Dex+4}
   (You found it on level 7 of the Dungeon)

   It inflicts extra damage upon your enemies.
   It affects your dexterity (+4).
   It insulates you from electricity.
   It may make you go berserk in combat.
 v - the +6 hand axe of the Thirsty Blessings (weapon) {flame, +Inv MP+9}
   (You found it on level 8 of the Dungeon)

   It has been specially enchanted to burn those struck by it, causing extra
   injury to most foes and up to half again as much damage against particularly
   susceptible opponents.
   Big, fiery blades are also staple armaments of hydra-hunters.
   It affects your magic capacity (+9).
   It lets you turn invisible.
Missiles
 h - 2 curare-tipped needles
Armour
 i - a +1 pair of gloves (worn)
 k - a cursed +0 cloak (worn)
 s - the +5 scale mail "Wot Wemu" (worn) {Str+5}
   (You found it on level 9 of the Dungeon)

   It affects your strength (+5).
 t - a +1 pair of boots (worn)
 w - a +0 buckler (worn)
Jewellery
 j - an amulet of rage (around neck)
 o - an uncursed ring of magical power
 p - a ring of protection from magic (left hand)
 u - a +3 ring of evasion (right hand)
 y - an uncursed ring of flight
Wands
 m - a wand of flame (35)
 q - a wand of iceblast (8)
 z - a wand of paralysis (10)
Scrolls
 a - 8 scrolls of remove curse
 e - 5 scrolls of immolation
 r - a scroll of magic mapping
Potions
 g - a potion of haste
 l - a potion of brilliance
 A - a potion of resistance
 C - a potion of curing
 D - 2 potions of might
 E - 2 potions of mutation
Comestibles
 b - 6 chunks of flesh
 d - 15 rations


   Skills:
 + Level 8.5 Fighting
 + Level 7.0 Short Blades
 + Level 7.0 Long Blades
 + Level 7.0 Axes
 + Level 7.0 Maces & Flails
 + Level 8.5 Polearms
 + Level 7.0 Staves
 + Level 7.0 Slings
 + Level 7.0 Bows
 + Level 7.0 Crossbows
 + Level 7.0 Throwing
 + Level 7.5 Armour
 + Level 8.5 Dodging
 + Level 7.0 Stealth
 + Level 7.0 Shields
 + Level 7.0 Unarmed Combat
 + Level 8.7 Spellcasting
 + Level 5.8 Conjurations
 + Level 5.8 Hexes
 + Level 8.1 Charms
 + Level 5.8 Summonings
 + Level 5.8 Necromancy
 + Level 5.8 Translocations
 + Level 5.8 Transmutations
 + Level 5.8 Fire Magic
 + Level 5.8 Ice Magic
 + Level 5.8 Air Magic
 + Level 5.8 Earth Magic
 + Level 5.8 Poison Magic
 + Level 7.7 Invocations
 + Level 7.0 Evocations


You had 11 spell levels left.
You knew the following spells:

 Your Spells              Type           Power        Failure   Level  Hunger
a - Infusion              Chrm           ####         1%          1    None
b - Song of Slaying       Chrm           #####...     1%          2    None
c - Shroud of Golubria    Chrm/Tloc      #####.....   1%          2    None
d - Regeneration          Chrm/Necr      #####.....   2%          3    None
e - Spectral Weapon       Hex/Chrm       #####...     2%          3    None
f - Portal Projectile     Hex/Tloc       ####..       4%          3    None
g - Vampiric Draining     Necr           ####......   4%          3    None

Your spell library contained the following spells:

 Spells                   Type           Power        Failure   Level  Hunger
 Animate Skeleton         Necr           N/A          1%          1    None
 Corona                   Hex            ####...      1%          1    None
 Freeze                   Ice            ####         1%          1    None
 Pain                     Necr           ####         1%          1    None
 Poisonous Vapours        Pois/Air       ####..       1%          2    None
 Slow                     Hex            ####....     1%          2    None
 Throw Frost              Conj/Ice       ####..       1%          2    None
 Ozocubu's Armour         Chrm/Ice       #####...     2%          3    None
 Conjure Flame            Conj/Fire      ####....     4%          3    None
 Inner Flame              Hex/Fire       ####....     4%          3    None
 Mephitic Cloud           Conj/Pois/Air  ####....     4%          3    None
 Animate Dead             Necr           N/A          13%         4    ###....
 Cause Fear               Hex            ####......   13%         4    ###....
 Leda's Liquefaction      Hex/Erth       ####......   13%         4    ###....
 Summon Ice Beast         Ice/Summ       ####....     13%         4    ###....
 Throw Icicle             Conj/Ice       ####....     13%         4    ###....
 Freezing Cloud           Conj/Ice/Air   ####......   90%         6    ######.
 Ring of Flames           Chrm/Fire      #####.....   100%        7    #######


Dungeon Overview and Level Annotations

Branches:
Dungeon (11/15)            Temple (1/1) D:6            Lair (1/6) D:11
    Orc (0/2) D:11

Altars:
Ashenzari
Cheibriados
Dithmenos
Elyvilon
Fedhas
Gozag
Hepliaklqana
Kikubaaqudgha
Makhleb
Nemelex Xobeh
Okawaru
Qazlal
Ru
Sif Muna
Trog
Uskayaw
Vehumet
Wu Jian
Xom
Yredelemnul
Zin
The Shining One

Shops:
D:4 ?   D:5 *


Innate Abilities, Weirdness & Mutations

Your experience applies equally to all skills.
You have extremely sharp teeth.
Your uncanny sense of smell can sniff out nearby items.
You are surrounded by a mild repulsion field. (EV +2)
You are partially covered in icy blue scales. (AC +2)
Your movements are slightly less encumbered by armour. (ER -2)


Message History

You hear an angry growl.
The frost giant casts a spell at you. The bolt of cold hits you! You resist.
You hear an angry growl.
Okay, then.
Okay, then.
Okay, then.
A demon appears!
The frost giant hits you with a +2 battleaxe of freezing!!
* * * LOW HITPOINT WARNING * * *
The frost giant freezes you.
* * * LOW HITPOINT WARNING * * *
Unknown command.
Unknown command.
Your orange demon barely misses the frost giant.
You swap places.
The frost giant casts a spell at you.
The bolt of cold hits your orange demon!!
The bolt of cold hits you!! You resist.
You die...

# ##.## #
#..#
##..#
#..##
#..# #.##
# #..##
≈# ##..#
≈# #.@#
### ≈≈#
##4##
##.##
≈≈≈# #C.#
..#.#≈≈≈#
##.#
.#..≈≈≈#
.h#
###≈≈≈≈#
..## #
#≈≈#.#
..h
≈≈≈##..
h..# ≈≈≈#
.... .h..


You could see a frost giant, a wolf and a friendly orange demon.

Vanquished Creatures
  Harold (D:9)
  A two-headed ogre (D:11)
  3 ice statues (IceCv)
  A gargoyle (D:11)
  A queen bee (D:8)
  A troll (D:9)
  10 polar bears (IceCv)
  7 hippogriffs
  A shadow (D:11)
  13 yaks
  Grum (D:8)
  3 wargs (D:11)
  2 porcupines (Lair:1)
  12 orc warriors
  2 phantoms
  3 ice beasts
  2 sky beasts
  13 wolves
  An eye of draining (D:11)
  6 ogres
  5 centaurs
  A gnoll sergeant (D:9)
  8 bullfrogs
  3 scorpions
  17 killer bees (D:8)
  2 howler monkeys (D:5)
  A crimson imp (D:7)
  A centaur zombie (D:6)
  4 hounds
  14 orc wizards
  2 quasits
  7 orc priests
  2 jellies
  2 bullfrog skeletons
  A centaur skeleton (D:6)
  3 iguanas
  Crazy Yiuf (D:2)
  8 worker ants
  A killer bee zombie (D:5)
  2 hound zombies
  A hound skeleton (D:6)
  A howler monkey zombie (D:6)
  5 adders
  6 gnolls
  A shadow imp (D:8)
  2 adder zombies
  2 adder skeletons
  4 worms
  A dart slug (D:5)
  40 orcs
  A ball python (D:1)
  5 bats
  6 giant cockroaches
  14 goblins
  6 hobgoblins
  8 jackals
  30 kobolds
  5 quokkas
  4 frilled lizards
  A jackal skeleton (D:5)
  7 rats
  A spectral orc (D:5)
320 creatures vanquished.

Vanquished Creatures (others)
  A spectral weapon (D:6)
1 creature vanquished.

Grand Total: 321 creatures vanquished

Notes
Turn   | Place    | Note
-------+----------+-------------------------------------------
     0 | D:1      | Amplified the Gnoll Skald began the quest for the Orb.
     0 | D:1      | Reached XP level 1. HP: 20/20 MP: 6/6
    29 | D:1      | Reached XP level 2. HP: 22/26 MP: 7/7
   465 | D:2      | Found a bloodstained altar of Trog.
   486 | D:2      | Learned a level 2 spell: Song of Slaying
   624 | D:2      | Learned a level 2 spell: Shroud of Golubria
   651 | D:2      | Reached XP level 3. HP: 31/31 MP: 6/9
   703 | D:2      | Reached skill level 5 in Spellcasting
   968 | D:2      | Reached skill level 1 in Invocations
  1314 | D:2      | Found a runed translucent door.
  1315 | D:2      | Noticed Crazy Yiuf
  1337 | D:2      | Learned a level 3 spell: Regeneration
  1341 | D:2      | Learned a level 3 spell: Spectral Weapon
  1439 | D:3      | Reached skill level 1 in Short Blades
  1439 | D:3      | Reached skill level 1 in Long Blades
  1439 | D:3      | Reached skill level 1 in Axes
  1439 | D:3      | Reached skill level 1 in Maces & Flails
  1439 | D:3      | Reached skill level 1 in Staves
  1439 | D:3      | Reached skill level 1 in Slings
  1439 | D:3      | Reached skill level 1 in Bows
  1439 | D:3      | Reached skill level 1 in Crossbows
  1439 | D:3      | Reached skill level 1 in Throwing
  1439 | D:3      | Reached skill level 1 in Stealth
  1439 | D:3      | Reached skill level 1 in Shields
  1439 | D:3      | Reached skill level 1 in Unarmed Combat
  1439 | D:3      | Reached skill level 1 in Evocations
  1617 | D:3      | Found a glowing silver altar of Zin.
  1641 | D:3      | Found a faded altar of an unknown god.
  1882 | D:3      | Reached XP level 4. HP: 33/38 MP: 11/11
  2335 | D:3      | Found a shadowy altar of Dithmenos.
  2606 | D:3      | Found an ancient bone altar of Kikubaaqudgha.
  2928 | D:3      | Gained mutation: You have extremely sharp teeth. [potion of
                  | mutation]
  2928 | D:3      | Gained mutation: Your movements are slightly less
                  | encumbered by armour. (ER -2) [potion of mutation]
  2928 | D:3      | Gained mutation: You have supernaturally acute eyesight.
                  | (SInv) [potion of mutation]
  2941 | D:3      | Reached skill level 1 in Conjurations
  2941 | D:3      | Reached skill level 1 in Hexes
  2941 | D:3      | Reached skill level 1 in Summonings
  2941 | D:3      | Reached skill level 1 in Necromancy
  2941 | D:3      | Reached skill level 1 in Translocations
  2941 | D:3      | Reached skill level 1 in Transmutations
  2941 | D:3      | Reached skill level 1 in Fire Magic
  2941 | D:3      | Reached skill level 1 in Ice Magic
  2941 | D:3      | Reached skill level 1 in Air Magic
  2941 | D:3      | Reached skill level 1 in Earth Magic
  2941 | D:3      | Reached skill level 1 in Poison Magic
  2993 | D:4      | Reached XP level 5. HP: 41/43 MP: 12/12
  3243 | D:4      | Noticed a phantom
  3267 | D:4      | Killed a phantom
  3267 | D:4      | Reached XP level 6. HP: 37/50 MP: 2/13
  3336 | D:4      | Reached skill level 5 in Fighting
  3336 | D:4      | Reached skill level 5 in Polearms
  3336 | D:4      | Reached skill level 5 in Dodging
  3461 | D:4      | Found an ornate altar of the Wu Jian Council.
  3476 | D:4      | Found Fuamnaug's Magic Scroll Emporium.
  3479 | D:4      | Bought a scroll of teleportation for 39 gold pieces
  3479 | D:4      | Bought a scroll of fog for 26 gold pieces
  3593 | D:5      | Entered Level 5 of the Dungeon
  3619 | D:5      | Found a radiant altar of Vehumet.
  3755 | D:5      | Found a white marble altar of Elyvilon.
  3919 | D:5      | Reached XP level 7. HP: 19/56 MP: 15/15
  4522 | D:5      | Found Betann's Assorted Antiques.
  4525 | D:5      | Bought a glowing broad axe for 147 gold pieces
  4525 | D:5      | Bought a scroll labeled HYOTTAEFAOF for 21 gold pieces
  4525 | D:5      | Bought an agate ring for 105 gold pieces
  4808 | D:5      | Found a basalt altar of Yredelemnul.
  5024 | D:7      | Found a snail-covered altar of Cheibriados.
  5103 | D:7      | Reached XP level 8. HP: 45/63 MP: 13/16
  5226 | D:7      | Found a flagged portal.
  5245 | D:7      | Got a faintly glowing hand axe
  5247 | D:7      | Identified the +8 hand axe of Conformity {chop, *Rage rElec
                  | Dex+4} (You found it on level 7 of the Dungeon)
  5249 | Bailey   | Entered a bailey
  5309 | Bailey   | Lost mutation: Your movements are slightly less encumbered
                  | by armour. (ER -2) [potion of mutation]
  5309 | Bailey   | Lost mutation: You have supernaturally acute eyesight.
                  | (SInv) [potion of mutation]
  5309 | Bailey   | Gained mutation: You are weak. (Str -2) [potion of
                  | mutation]
  5309 | Bailey   | Gained mutation: You can translocate small distances at
                  | will. [potion of mutation]
  5309 | Bailey   | Lost mutation: You are weak. (Str -2) [potion of mutation]
  5310 | Bailey   | Gained mutation: Armour fits poorly on your strangely
                  | shaped body. [potion of mutation]
  5310 | Bailey   | Gained mutation: You are surrounded by a mild repulsion
                  | field. (EV +2) [potion of mutation]
  6350 | D:7      | Found a blossoming altar of Fedhas.
  6436 | D:7      | Lost mutation: Armour fits poorly on your strangely shaped
                  | body. [potion of mutation]
  6436 | D:7      | Lost mutation: You can translocate small distances at will.
                  | [potion of mutation]
  6436 | D:7      | Gained mutation: You are partially covered in icy blue
                  | scales. (AC +2) [potion of mutation]
  6436 | D:7      | Gained mutation: Your movements are slightly less
                  | encumbered by armour. (ER -2) [potion of mutation]
  6583 | D:6      | Reached XP level 9. HP: 67/69 MP: 18/18
  6741 | D:6      | Found a sacrificial altar of Ru.
  7033 | D:6      | Found a staircase to the Ecumenical Temple.
  7117 | Temple   | Entered the Ecumenical Temple
  7188 | Temple   | Became a worshipper of Makhleb the Destroyer
  7692 | D:8      | Reached skill level 5 in Armour
  7795 | D:8      | Got a polished hand axe
  7796 | D:8      | Identified the +6 hand axe of the Thirsty Blessings {flame,
                  | +Inv MP+9} (You found it on level 8 of the Dungeon)
  7949 | D:8      | Noticed Grum
  7979 | D:8      | Killed Grum
  7981 | D:8      | Reached skill level 5 in Invocations
  8584 | D:8      | Reached XP level 10. HP: 62/77 MP: 20/20
  8603 | D:8      | Reached * piety under Makhleb
  8982 | D:8      | Learned a level 3 spell: Portal Projectile
  9045 | D:9      | Found a shattered altar of Ashenzari.
  9049 | D:9      | Got a slimy scale mail
  9077 | D:9      | Identified the +5 scale mail "Wot Wemu" {Str+5} (You found
                  | it on level 9 of the Dungeon)
  9166 | D:9      | Reached skill level 5 in Short Blades
  9166 | D:9      | Reached skill level 5 in Long Blades
  9166 | D:9      | Reached skill level 5 in Axes
  9166 | D:9      | Reached skill level 5 in Maces & Flails
  9166 | D:9      | Reached skill level 5 in Staves
  9166 | D:9      | Reached skill level 5 in Slings
  9166 | D:9      | Reached skill level 5 in Bows
  9166 | D:9      | Reached skill level 5 in Crossbows
  9166 | D:9      | Reached skill level 5 in Throwing
  9166 | D:9      | Reached skill level 5 in Stealth
  9166 | D:9      | Reached skill level 5 in Shields
  9166 | D:9      | Reached skill level 5 in Unarmed Combat
  9166 | D:9      | Reached skill level 5 in Evocations
  9391 | D:9      | Noticed a +0 dagger
  9393 | D:9      | Found a hide-covered altar of Uskayaw.
  9393 | D:9      | Noticed a +0 hand axe
  9684 | D:9      | Noticed Harold
  9698 | D:9      | Killed Harold
  9820 | D:8      | Reached ** piety under Makhleb
 10488 | D:9      | Found an opulent altar of Gozag.
 10775 | D:2      | Killed Crazy Yiuf
 11012 | D:10     | Entered Level 10 of the Dungeon
 11282 | D:10     | Reached XP level 11. HP: 84/84 MP: 22/22
 11698 | D:11     | Noticed a cyclops
 11806 | D:11     | Noticed a two-headed ogre
 11858 | D:10     | Learned a level 3 spell: Vampiric Draining
 12163 | D:11     | Found a staircase to the Orcish Mines.
 12363 | D:11     | Found a staircase to the Lair.
 12383 | D:11     | Killed a two-headed ogre
 12383 | D:11     | Reached *** piety under Makhleb
 12383 | D:11     | Reached skill level 5 in Conjurations
 12383 | D:11     | Reached skill level 5 in Hexes
 12383 | D:11     | Reached skill level 5 in Summonings
 12383 | D:11     | Reached skill level 5 in Necromancy
 12383 | D:11     | Reached skill level 5 in Translocations
 12383 | D:11     | Reached skill level 5 in Transmutations
 12383 | D:11     | Reached skill level 5 in Fire Magic
 12383 | D:11     | Reached skill level 5 in Ice Magic
 12383 | D:11     | Reached skill level 5 in Air Magic
 12383 | D:11     | Reached skill level 5 in Earth Magic
 12383 | D:11     | Reached skill level 5 in Poison Magic
 12501 | Lair:1   | Entered Level 1 of the Lair of Beasts
 12554 | Lair:1   | Found a frozen archway.
 12798 | IceCv    | Entered an ice cave
 12809 | IceCv    | Reached **** piety under Makhleb
 13062 | IceCv    | HP: 1/86 [polar bear (20)]
 13063 | IceCv    | Reached XP level 12. HP: 8/93 MP: 24/24
 13955 | IceCv    | Noticed a frost giant
 13966 | IceCv    | Killed from afar by a frost giant

Skill      XL: |  1  2  3  4  5  6  7  8  9 10 11 12 |
---------------+-------------------------------------+-----
Spellcasting   | 5 6 7 8 |  8.7
Invocations    | 1 2 3 4 5 6 7 |  7.7
Short Blades   | 1 2 3 4 5 6 7 |  7.0
Long Blades    | 1 2 3 4 5 6 7 |  7.0
Axes           | 1 2 3 4 5 6 7 |  7.0
Maces & Flails | 1 2 3 4 5 6 7 |  7.0
Staves         | 1 2 3 4 5 6 7 |  7.0
Slings         | 1 2 3 4 5 6 7 |  7.0
Bows           | 1 2 3 4 5 6 7 |  7.0
Crossbows      | 1 2 3 4 5 6 7 |  7.0
Throwing       | 1 2 3 4 5 6 7 |  7.0
Stealth        | 1 2 3 4 5 6 7 |  7.0
Shields        | 1 2 3 4 5 6 7 |  7.0
Unarmed Combat | 1 2 3 4 5 6 7 |  7.0
Evocations     | 1 2 3 4 5 6 7 |  7.0
Conjurations   | 1 2 3 4 5 |  5.8
Hexes          | 1 2 3 4 5 |  5.8
Summonings     | 1 2 3 4 5 |  5.8
Necromancy     | 1 2 3 4 5 |  5.8
Translocations | 1 2 3 4 5 |  5.8
Transmutations | 1 2 3 4 5 |  5.8
Fire Magic     | 1 2 3 4 5 |  5.8
Ice Magic      | 1 2 3 4 5 |  5.8
Air Magic      | 1 2 3 4 5 |  5.8
Earth Magic    | 1 2 3 4 5 |  5.8
Poison Magic   | 1 2 3 4 5 |  5.8
Armour         | 3 4 5 6 7 |  7.5
Fighting       | 5 6 7 8 |  8.5
Polearms       | 5 6 7 8 |  8.5
Dodging        | 5 6 7 8 |  8.5
Charms         | 6 7 8 |  8.1

Action                   |  1- 3 |  4- 6 |  7- 9 | 10-12 || total
-------------------------+-------+-------+-------+-------++-------
Melee: Spear             |    34 |       |       |       ||    34
       Bite              |     7 |    11 |    28 |    67 ||   113
       Trident           |   108 |   175 |   209 |       ||   492
       Punch             |       |       |     4 |     6 ||    10
       Broad axe         |       |       |     3 |       ||     3
       Hand axe          |       |       |   171 |   586 ||   757
 Cast: Shroud of Golubri |     3 |       |       |     2 ||     5
       Infusion          |     1 |       |       |       ||     1
       Spectral Weapon   |       |     4 |    10 |       ||    14
       Regeneration      |       |     1 |     6 |     2 ||     9
Invok: Lesser Servant of |       |       |       |     1 ||     1
 Abil: Evoke Berserk Rag |       |       |     6 |     4 ||    10
       Evoke Invisibilit |       |       |       |     1 ||     1
Evoke: Wand              |       |       |     7 |    13 ||    20
  Use: Scroll            |     5 |     7 |    11 |     5 ||    28
       Potion            |     4 |     5 |     8 |     6 ||    23
 Stab: Sleeping          |     1 |     5 |     7 |     1 ||    14
       Distracted        |     1 |       |     2 |     1 ||     4
       Invisible         |       |     7 |     1 |     8 ||    16
       Paralysed         |       |       |       |     3 ||     3
  Eat: Chunk             |     1 |     5 |    15 |    10 ||    31
       Ration            |     1 |       |     3 |     3 ||     7
Armor: Leather armour    |    16 |    22 |    62 |     3 ||   103
       Skin              |       |       |    15 |       ||    15
       Scale mail        |       |       |       |   226 ||   226
Dodge: Dodged            |    78 |   104 |   385 |   644 ||  1211
Block: Buckler           |       |       |       |   124 ||   124
